AoeStats
← 精銳萌古騎豬突猛進

African Clearing

510518395Analyzed
4v4 RM · 21h ago on Oct 1, 2026· 88m 52s· 8 players
Game mode
Random Map
Map size
Large (8 player)
Population
200
Speed
Normal
Resources
Standard
Victory
Conquest
Starting age
Dark Age
Ending age
Imperial Age
RankedLock teamsTeams togetherTeam positionsShared explorationLock speedFull tech treeHidden civsTurbo modeCheats
Victory
Defeat
🇦🇹 Huns · Austria
1394
+14
🇩🇪 Saxons · Germany
1387
+14
🇨🇳 Varangians · China
1338
+16
🇺🇸 Mongols · United States
1274
+18
1373
-17
🇸🇬 Mongols · Singapore
1349
-16
🇨🇳 Ethiopians · China
1324
-15
1305
-14
8316699
12:01 Feudal Age
16:10 Castle Age
14:16 Double-Bit Axe
14:33 Loom
16:24 Bloodlines
17:08 Husbandry
24:24 Wheelbarrow
26:37 Horse Collar
32:43 Scale Barding Armor
33:29 Heavy Plow
34:29 Forging
36:24 Gold Mining
36:45 Bow Saw
40:22 Imperial Age
41:28 Conscription
41:08 Elite Steppe Lancer
42:39 Iron Casting
42:27 Chain Barding Armor
43:19 Fletching
45:29 Iron Casting
49:29 Blast Furnace
48:24 Bodkin Arrow
49:33 Hoardings
49:00 Nomads
50:45 Gold Shaft Mining
52:29 Bracer
53:33 Hand Cart
53:10 Stone Mining
53:22 Padded Archer Armor
53:22 Scale Mail Armor
53:06 Light Cavalry
54:33 Stone Shaft Mining
54:32 Drill
53:36 Capped Ram
58:08 Chemistry
58:23 Siege Ram
62:04 Masonry
61:59 Siege Engineers
62:04 Fortified Wall
62:15 Ballistics
64:06 Chain Mail Armor
63:38 Man-at-Arms
64:21 Long Swordsman
65:29 Two-Handed Swordsman
67:01 Plate Mail Armor
用爱感化队友
10:28 Loom
12:59 Feudal Age
13:33 Double-Bit Axe
15:18 Fletching
21:03 Town Watch
28:24 Castle Age
28:27 Padded Archer Armor
28:30 Elite Skirmisher
29:26 Bow Saw
31:42 Leather Archer Armor
33:18 Bodkin Arrow
38:55 Horse Collar
41:03 Wheelbarrow
42:47 Thumb Ring
44:51 Ballistics
44:27 Crossbowman
52:39 Imperial Age
52:51 Arbalester
53:35 Bracer
61:05 Two-Man Saw
65:10 Hand Cart
71:10 Chemistry
71:41 Gold Mining
73:32 Conscription
76:52 Gold Shaft Mining
76:09 Stone Mining
80:25 Capped Ram
84:29 Sappers
水母系呆萌美少女可可
9:08 Loom
12:36 Feudal Age
13:44 Double-Bit Axe
19:05 Castle Age
24:15 Horse Collar
27:27 Bow Saw
29:13 Pikeman
32:50 Wheelbarrow
33:33 Scale Mail Armor
37:23 Fletching
39:50 Murder Holes
41:39 Stone Mining
41:43 Gold Mining
46:54 Imperial Age
44:42 Heavy Plow
45:50 Stone Shaft Mining
45:57 Town Watch
48:37 First Crusade
49:33 Chain Mail Armor
50:35 Scale Barding Armor
50:40 Forging
50:35 Husbandry
50:45 Bloodlines
51:30 Conscription
52:04 Chain Barding Armor
51:07 Cavalier
54:04 Plate Barding Armor
53:57 Hand Cart
57:05 Iron Casting
58:46 Blast Furnace
57:59 Hauberk
60:26 Gold Shaft Mining
59:54 Light Cavalry
63:14 Caravan
63:46 Coinage
63:31 Town Patrol
64:28 Plate Mail Armor
65:12 Elite Serjeant
66:28 Hoardings
65:36 Capped Ram
67:46 Bodkin Arrow
67:51 Padded Archer Armor
67:17 Siege Ram
68:58 Bracer
68:30 Elite Skirmisher
75:39 Halberdier
77:02 Leather Archer Armor
81:00 Banking
精銳萌古騎豬突猛進
13:13 Feudal Age
14:13 Loom
17:31 Castle Age
15:48 Double-Bit Axe
16:48 Horse Collar
25:33 Bloodlines
25:23 Husbandry
25:34 Bloodlines
31:01 Scale Barding Armor
31:07 Forging
32:51 Chain Barding Armor
33:08 Iron Casting
34:15 Heavy Plow
34:28 Bow Saw
38:00 Wheelbarrow
37:10 Town Watch
38:00 Wheelbarrow
37:10 Town Watch
39:32 Hand Cart
39:18 Town Patrol
40:29 Vendel Legacy
44:50 Imperial Age
45:08 Cavalier
46:26 Plate Barding Armor
46:52 Blast Furnace
49:20 Crop Rotation
49:52 Two-Man Saw
57:11 Ballistics
57:52 Chemistry
56:47 Fletching
62:02 Conscription
65:11 Conscription
71:32 Elite Jarl
74:36 Elite Jarl
77:32 Gothikon
79:00 Guilds
79:11 Masonry
79:06 Siege Engineers
80:20 Elite Varangian Guard
80:48 Gambesons
81:16 Arson
81:31 Squires
81:38 Scale Mail Armor
84:23 Chain Mail Armor
Abhinavcj
4:41 Loom
11:55 Feudal Age
17:55 Castle Age
16:35 Stone Mining
16:35 Double-Bit Axe
19:18 Bow Saw
21:34 Fletching
22:39 Bodkin Arrow
29:17 Horse Collar
30:20 Heavy Plow
30:24 Gold Mining
32:10 Wheelbarrow
32:47 Gold Mining
32:48 Stone Mining
33:06 Padded Archer Armor
39:27 Imperial Age
40:47 Hand Cart
42:37 Hand Cart
43:15 Gold Shaft Mining
43:09 Conscription
44:40 Bracer
46:56 Leather Archer Armor
49:35 Ballistics
50:16 Chemistry
49:20 Husbandry
50:16 Thumb Ring
50:25 Bloodlines
51:26 Elite Skirmisher
53:38 Parthian Tactics
53:07 Elite Mangudai
61:06 Siege Engineers
65:00 Drill
65:21 Capped Ram
66:36 Siege Ram
MiBe
12:26 Loom
14:15 Feudal Age
18:19 Castle Age
16:32 Fletching
16:46 Double-Bit Axe
19:15 Bodkin Arrow
20:45 Town Watch
26:42 Ballistics
29:00 Thumb Ring
33:06 Wheelbarrow
36:09 Gold Mining
36:33 Bloodlines
37:24 Husbandry
40:03 Horse Collar
44:58 Imperial Age
44:25 Hand Cart
46:49 Chemistry
46:23 Heavy Plow
46:42 Bow Saw
47:38 Bracer
50:46 Parthian Tactics
53:06 Town Patrol
53:47 Heavy Plow
54:11 Heavy Cavalry Archer
57:04 Padded Archer Armor
57:10 Scale Barding Armor
57:16 Forging
56:29 Light Cavalry
65:29 Chain Barding Armor
68:14 Hussar
69:35 Plate Barding Armor
69:35 Iron Casting
84:29 Caravan
85:03 Coinage
88098560
3:37 Loom
15:51 Feudal Age
16:37 Man-at-Arms
18:30 Scale Mail Armor
21:45 Castle Age
19:49 Double-Bit Axe
19:56 Horse Collar
20:08 Gold Mining
21:53 Forging
21:54 Scale Barding Armor
23:32 Bloodlines
23:23 Husbandry
27:17 Fletching
35:58 Bodkin Arrow
41:28 Chain Barding Armor
43:21 Iron Casting
44:33 Wheelbarrow
44:15 Padded Archer Armor
47:31 Bow Saw
47:22 Heavy Plow
54:23 Imperial Age
58:05 Two-Man Saw
57:37 Crop Rotation
58:49 Chain Mail Armor
61:02 Pikeman
61:44 Squires
62:09 Halberdier
68:56 Elite Varangian Guard
72:37 Plate Mail Armor
73:08 Blast Furnace
72:26 Arson
73:21 Arson
74:48 Bracer
75:24 Elite Skirmisher
81:40 Leather Archer Armor
82:54 Arson
[VYRE] Vantage
12:36 Feudal Age
10:51 Loom
21:31 Castle Age
21:09 Fletching
21:13 Double-Bit Axe
22:15 Crossbowman
31:42 Bow Saw
31:20 Horse Collar
32:20 Wheelbarrow
35:58 Hand Cart
37:48 Fishing Lines
42:03 Imperial Age
40:30 Masonry
40:58 Squires
40:43 Arson
41:04 Scale Mail Armor
42:06 Bodkin Arrow
42:33 Ballistics
42:11 Shield Wall
42:54 Bracer
43:10 Chain Mail Armor
42:39 Pikeman
44:38 Architecture
45:09 Chemistry
44:42 Plate Mail Armor
44:24 Forging
44:10 Elite Hearth Troop
45:11 Conscription
44:15 Halberdier
46:17 Iron Casting
46:48 Capped Ram
48:40 Hoardings
47:55 Siege Ram
49:32 Elite Varangian Guard
49:58 Gambesons
50:52 Siege Engineers
51:08 Guard Tower
53:04 Keep
53:33 Arrowslits
53:33 Treadmill Crane
57:58 Murder Holes
72:29 Heavy Plow
82:40 Light Cavalry
83:30 Bloodlines
83:21 Husbandry
83:31 Caravan
Connection lost

Rejoining the realm…

Still unreachable

The connection could not be restored.

Session expired

The server has moved on; the page needs a fresh start.